 Dungeon Crawl Stone Soup version 0.31-a0-441-g867994ef1c (webtiles) character file.

Game seed: 16057476080187663622

357 jlumianski the Magician (level 6, -3/43 HPs)
             Began as a Djinni Fire Elementalist on Aug 2, 2023.
             Slain by an ice beast (5 damage)
             ... on level 4 of the Dungeon.
             The game lasted 00:16:23 (3438 turns).

jlumianski the Magician (Djinni Fire Elementalist)  Turns: 3438, Time: 00:16:23

Health: -3/43      AC:  5    Str:  7    XL:     6   Next: 96%
Gold:   66         EV: 12    Int: 19    God:
                   SH:  0    Dex: 19

rFire   + + .        k - +1 short sword (heavy)
rCold   . . .        (no shield)
rNeg    . . .        v - +2 leather armour {rC+}
rPois   ∞            (no helmet)
rElec   .            (no cloak)
rCorr   .            (no gloves)
SInv    .            (boots unavailable)
Will    +....        u - amulet of the acrobat
Stlth   ++           m - +6 ring of dexterity
HPRegen 0.27/turn    r - ring of willpower
MPRegen 0.00/turn

%: acrobat, infuse magic (-4 HP)
@: flying, very slightly contaminated, invisible
A: sickness immunity, fire resistance 2, cold vulnerability 1, float, innate
caster, HP casting, extra vitality 1
a: no special abilities


You were on level 4 of the Dungeon.
You visited 1 branch of the dungeon, and saw 5 of its levels.
You also visited: Sewer.

You collected 186 gold pieces.
You spent 120 gold pieces at shops.

Inventory:

Hand Weapons
 b - a +0 short sword
 k - a +1 heavy short sword (weapon)
Missiles
 g - 5 darts of dispersal
Armour
 a - a +0 robe
 l - a +0 leather armour
 v - a +2 leather armour of cold resistance (worn)
Jewellery
 i - a ring of fire
 m - a +6 ring of dexterity (left hand)
 r - a ring of willpower (right hand)
 u - an amulet of the acrobat (around neck)
 x - a ring of protection from cold
Talismans
 f - a beast talisman
 p - a dragon-blood talisman
Wands
 s - a wand of flame (22)
Scrolls
 c - 2 scrolls of amnesia
 d - a scroll of teleportation
 h - 3 scrolls of fear
 o - a scroll of blinking
 q - a scroll of vulnerability
 w - a scroll of immolation
Potions
 j - a potion of berserk rage
 n - a potion of magic
 t - 2 potions of heal wounds {unknown}
 z - a potion of degeneration {unknown}


   Skills:
 * Level 2.3 Fighting
 + Level 0.7 Short Blades
 + Level 3.0 Dodging
 + Level 2.4 Stealth
 * Level 2.1 Unarmed Combat
 * Level 3.8 Spellcasting
 * Level 3.8 Conjurations
 * Level 3.8 Hexes
 * Level 3.8 Summonings
 * Level 3.8 Necromancy
 * Level 3.8 Translocations
 * Level 3.8 Transmutations
 * Level 3.8 Fire Magic
 * Level 3.8 Ice Magic
 * Level 3.8 Air Magic
 * Level 3.8 Earth Magic
 * Level 3.8 Poison Magic
 * Level 1.5 Shapeshifting


You knew the following spells:

 Your Spells              Type           Power      Damage    Failure   Level
a - Foxfire               Conj/Fire      72%        2x1d7     4%          1
b - Scorch                Fire           36%        2d6       7%          2
c - Volatile Blastmotes   Fire/Tloc      36%        2d13      13%         3
d - Inner Flame           Hex/Fire       18%        N/A       13%         3
e - Flame Wave            Conj/Fire      18%        2d7       41%         4
f - Summon Small Mammal   Summ           72%        N/A       4%          1
g - Ensorcelled Hibernat  Hex/Ice        36%        N/A       7%          2
Your spell library was empty.

Dungeon Overview and Level Annotations

Branches:
Dungeon (5/15)              Sewer (visited)
 Temple: D:4-7

Altars:

Shops:
D:5 [


Innate Abilities, Weirdness & Mutations

You are immune to sickness and miasma.
You are immune to poison.
Your flesh is very heat resistant. (rF++)
You are vulnerable to cold. (rC-)
You float through the air rather than walking.
You learn spells naturally, not from books.
Your magical power is your life essence.
You have superior vitality. (+4 MHP)


Message History

Press: ? - help, Shift-Dir - straight line, f - Natasha
Aim: Natasha (severely wounded, more vulnerable to fire, chance to affect: 50%)
Okay, then.
Casting: Ensorcelled Hibernation (safe; 7% risk of failure)
Confirm with . or Enter, or press ? or * to list all spells.
You miscast Scorch.
You are very lightly contaminated with residual magic.
Nothing appears to happen.
Natasha completely misses you.
Casting: Scorch (safe; 7% risk of failure)
Confirm with . or Enter, or press ? or * to list all spells.
You conjure some foxfire!
Natasha claws you.
Casting: Foxfire (safe; 4% risk of failure)
Confirm with . or Enter, or press ? or * to list all spells.
You conjure some foxfire!
Natasha stares at you and mumbles some strange words.
The magic dart hits you.
The ice beast hits you but does no damage.
You hit Natasha.
Natasha is almost dead.
Natasha is no longer more vulnerable to fire.
The foxfire hits Natasha.
Natasha is almost dead.
The foxfire hits Natasha.
You kill Natasha!
Natasha screams in pain as she dies!
The foxfire hits the ice beast.
The ice beast melts!
The ice beast is lightly wounded.
The ice beast hits you. The ice beast freezes you!
The goblin hits you but does no damage. The ice beast barely misses you.
You barely miss the goblin. The ice beast hits you.
* * * LOW HITPOINT WARNING * * *
The ice beast freezes you!
* * * LOW HITPOINT WARNING * * *
The goblin hits you with a +0 dagger.
* * * LOW HITPOINT WARNING * * *
You fade into invisibility!
The ice beast hits you.
* * * LOW HITPOINT WARNING * * *
The ice beast freezes you.
You die...

...###....#.########. .
##.#.#.# ####.#.#
#......####### #
#.##......... .. .## #.
#.##.##~~≈~~# ..
....#.###.##.##~≈≈~~##..
......Y......~~.~...~~..
......g@.....~~.....~~..
.....######.........~~..
.... ##~~~.....~~.. #.#
#.~≈.....~~.. #.#
#.##~~.~~##.# #.#
#.##~~.~~##.. #.#
#.........~.# #.#
#####..###### #.# ##.##


You could see an ice beast (unable to see you) and a goblin (unable to see you).

Vanquished Creatures
  Sigmund (D:4)
  A bullfrog (Sewer)
  Natasha (D:4)
  A river rat (D:4)
  3 adders
  A worm (D:2)
  3 dart slugs
  An orc (D:4)
  6 endoplasms
  7 giant cockroaches
  5 goblins
  4 hobgoblins
  7 quokkas
  11 ball pythons
  3 bats
  4 frilled lizards
  3 kobolds (D:2)
  5 rats
67 creatures vanquished.

Vanquished Creatures (collateral kills)
  An endoplasm (D:2)
1 creature vanquished.

Vanquished Creatures (others)
  92 foxfires
92 creatures vanquished.

Grand Total: 160 creatures vanquished

Notes
Turn   | Place    | Note
-------+----------+-------------------------------------------
     0 | D:1      | jlumianski the Djinni Fire Elementalist began the quest for
                  | the Orb.
     0 | D:1      | jlumianski set off with the following spells memorised:
                  | Foxfire, Scorch, Volatile Blastmotes, Inner Flame, Flame
                  | Wave.
     0 | D:1      | Reached XP level 1. HP: 15/15 MP: 0/0
   203 | D:1      | Reached XP level 2. HP: 19/21 MP: 0/0
  1345 | D:2      | Reached XP level 3. HP: 20/25 MP: 0/0
  1345 | D:2      | Learned a level 1 spell: Summon Small Mammal
  1688 | D:3      | Found a faded altar of an unknown god.
  2363 | D:4      | Found a glowing drain.
  2372 | D:4      | Reached XP level 4. HP: 24/31 MP: 0/0
  2381 | Sewer    | Entered a sewer
  2416 | Sewer    | Reached skill level 1 in Fighting
  2599 | Sewer    | Noticed a bullfrog
  2604 | Sewer    | Killed a bullfrog
  2605 | Sewer    | Reached skill level 1 in Unarmed Combat
  2605 | Sewer    | Reached XP level 5. HP: 32/37 MP: 0/0
  2605 | Sewer    | Learned a level 2 spell: Ensorcelled Hibernation
  2612 | Sewer    | Reached skill level 1 in Shapeshifting
  2791 | D:4      | Noticed Sigmund
  2794 | D:4      | Killed Sigmund
  2795 | D:4      | Reached XP level 6. HP: 41/43 MP: 0/0
  2879 | D:5      | Entered Level 5 of the Dungeon
  2912 | D:5      | Noticed a black bear
  2913 | D:5      | Found Roysecig's Antique Armour Shop.
  2920 | D:5      | Bought a dyed leather armour for 120 gold pieces
  3429 | D:4      | Noticed Natasha
  3430 | D:4      | Noticed an ice beast
  3436 | D:4      | Killed Natasha
  3438 | D:4      | HP: 2/43 [ice beast (2)]
  3438 | D:4      | Slain by an ice beast

Illustrated notes

Levels and vault maps discovered:
D:1:      spicycebolla_green_bress_n_ham_2, layout_basic, serial_forest,
          infiniplex_forest_lined_3, infiniplex_forest_3_way,
          infiniplex_forest_corner_1, infiniplex_forest_lined_corner,
          infiniplex_forest_zigzag_1, infiniplex_forest_clump_curved,
          infiniplex_forest_straight_2, infiniplex_forest_end_3
D:2:      layout_loops_corners
D:3:      layout_rooms, nicolae_ecumenical_oubliette
D:4:      layout_loops_corners, cheibrodos_sewer_entry_sluice, uniq_natasha,
          uniq_sigmund, uniq_blork_the_orc
D:5:      layout_rooms, nicolae_overflow_quartered_altars, temple_hall,
          serial_shops, nicolae_shop_rolling_square, kennysheep_small_spiral

Skill      XL: |  1  2  3  4  5 |
---------------+----------------+-----
Spellcasting   | |  3.8
Conjurations   | |  3.8
Hexes          | |  3.8
Summonings     | |  3.8
Necromancy     | |  3.8
Translocations | |  3.8
Transmutations | |  3.8
Fire Magic     | |  3.8
Ice Magic      | |  3.8
Air Magic      | |  3.8
Earth Magic    | |  3.8
Poison Magic   | |  3.8
Stealth        | 2 |  2.4
Fighting       | 1 2 |  2.3
Unarmed Combat | 1 2 |  2.1
Shapeshifting  | 1 |  1.5
Dodging        | 3 |  3.0
Short Blades   | |  0.7

Action                     |  1- 3 |  4- 6 || total
---------------------------+-------+-------++-------
  Melee: Short sword       |    74 |    15 ||    89
         Unarmed           |     1 |       ||     1
         Punch             |       |     1 ||     1
   Cast: Foxfire           |    36 |    15 ||    51
         Scorch            |    12 |    15 ||    27
         Summon Small Mamm |     1 |       ||     1
    Use: Scroll            |     7 |     3 ||    10
         Potion            |       |     1 ||     1
   Stab: Sleeping          |     3 |     4 ||     7
 Armour: Robe              |     8 |     3 ||    11
         Leather armour    |       |     3 ||     3
  Dodge: Dodged            |    24 |    21 ||    45
         Form:             |     1 |       ||     1
         Dragon            |     1 |       ||     1

Table legend: (Time is in decaauts)
 A = Elapsed time spent in this place.
 B = Non-inter-level travel time spent in this place.
 C = Inter-level travel time spent in this place.
 D = Time resting spent in this place.
 E = Time spent auto-exploring this place.
 F = Levels seen in this place.
 G = Mean time per level.
                   A        B        C        D        E       F      G
               +--------+--------+--------+--------+--------+-----+--------+
         Total |   3448 |   3393 |     55 |     98 |   2330 |   6 |  574.7 |
       Dungeon |   3133 |   3078 |     55 |     40 |   2239 |   5 |  626.6 |
         Sewer |    314 |    314 |      0 |     58 |     91 |   1 |  314.0 |
               +--------+--------+--------+--------+--------+-----+--------+

Top non-repeatable levels by time:
     D:1: 1289 daAuts
     D:2: 692 daAuts
     D:3: 573 daAuts
     D:4: 493 daAuts
   Sewer: 314 daAuts
     D:5: 85 daAuts
